 Dungeon Sprint DCSS version bcrawl-1.31 (webtiles) character file.

Game seed: 8495327668822710852

214410 Groucho the Chopper (level 4, -2/42 HPs)
             Began as a Sand Dwarf Skald on Apr 9, 2021.
             Was an Initiate of Cheibriados.
             Slain by a manticore (15 damage)
             ... in the Dungeon (Sprint IX: "|||||||||||||||||||||||||||||").
             The game lasted 00:02:01 (825 turns).

Groucho the Chopper (Sand Dwarf Skald)               Turns: 825, Time: 00:02:01

Health: -2/42      AC: 10    Str: 19    XL:     4   Next: 65%
Magic:  6/8        EV: 14    Int: 15    God:    Cheibriados [......]
Gold:   0          SH:  0    Dex: 15    Spells: 6/9 levels left

rFire    . . .     SeeInvis .   a - +0 war axe
rCold    . . .     Gourm    .   (shield restricted)
rNeg     . . .     Faith    .   s - +1 scale mail
rPois    .         Spirit   .   (no helmet)
rElec    .         Reflect  .   p - +0 cloak
rCorr    .         Harm     .   o - +0 pair of gloves
MR       .....     NoTele   +   (no boots)
Stlth    ..........             (no amulet)
HPRegen  0.14/turn              q - +3 ring of strength
MPRegen  0.11/turn              r - +3 ring of dexterity

@: very slightly contaminated, invisible, very slow
A: small, slowness 1, armour attunement
a: Bend Time, Renounce Religion


You were in the Dungeon.
You worshipped Cheibriados.
Cheibriados was noncommittal.
You were not hungry.

You visited 1 branch

Inventory:

Hand Weapons
 a - a +0 war axe (weapon)
Armour
 o - a +0 pair of gloves (worn)
 p - a +0 cloak (worn)
 s - a +1 scale mail (worn)
Jewellery
 q - a +3 ring of strength (left hand)
 r - a +3 ring of dexterity (right hand)
Wands
 n - a wand of iceblast (10)
Scrolls
 d - a scroll of fear
 k - 2 scrolls of blinking
 l - 3 scrolls of remove curse
 m - 2 scrolls of amnesia
Potions
 g - 4 potions of curing
 i - 4 potions of magic


   Skills:
 * Level 5.2 Fighting
 * Level 5.2 Axes
 + Level 3.8 Armour
 * Level 3.5 Dodging
 + Level 3.1 Spellcasting
 + Level 4.0 Charms
 + Level 1.7 Invocations


You had 6 spell levels left.
You knew the following spells:

 Your Spells              Type           Power        Failure   Level  Hunger
a - Infusion              Chrm           ##......     3%          1    None
b - Song of Slaying       Chrm           ##......     6%          2    #......

Your spell library contained the following spells:

 Spells                   Type           Power        Failure   Level  Hunger
 Swiftness                Chrm/Air       #.......     13%         2    #......
 Ozocubu's Armour         Chrm/Ice       #.......     26%         3    ####...
 Regeneration             Chrm/Necr      #.........   26%         3    ####...
 Spectral Weapon          Hex/Chrm       #.......     26%         3    ####...


Dungeon Overview and Level Annotations

Branches:
Dungeon (1/1)

Altars:
Cheibriados
Dithmenos
Elyvilon
Fedhas
Gozag
Hepliaklqana
Kikubaaqudgha
Lugonu
Makhleb
Nemelex Xobeh
Okawaru
Qazlal
Ru
Sif Muna
Trog
Uskayaw
Vehumet
Wu Jian
Xom
Yredelemnul
Zin
The Shining One
Beogh
Jiyva


Innate Abilities, Weirdness & Mutations

You are small and have problems with some larger weapons.
You cover ground slowly.
Armour does not affect your spellcasting.


Message History

The manticore is heavily wounded.
The worker ant twitches its antennae in your direction.
The manticore misses you. The manticore barely misses you. x2
The manticore bites you!! The manticore misses you.
The manticore barely misses you.
You catch the helpless manticore completely off-guard!
You hit the manticore.
The manticore is heavily wounded.
The worker ant twitches its antennae in your direction.
No path to travel!
The worker ant twitches its antennae in your direction.
You hit the manticore.
The manticore is severely wounded.
The worker ant twitches its antennae in your direction.
The manticore barely misses you. x2; The manticore closely misses you.
You hit the manticore.
The manticore is severely wounded.
The worker ant twitches its antennae in your direction.
The manticore bites you!
You die...

▓+▓
▓.▓
▓Z▓
▓a▓
▓T▓
▓H▓
▓@▓
▓'▓
▓.▓
▓.▓
▓!▓
▓.▓
▓.▓
▓)▓
▓|▓


You could see a manticore, a troll, a worker ant (wandering) and a ball python
skeleton (wandering).

Vanquished Creatures
  A centaur (D)
  An ooze (D)
  A worm (D)
  An orc (D)
  A giant cockroach (D)
  A goblin (D)
  A ball python zombie (D)
  A jackal skeleton (D)
  A kobold (D)
  A quokka skeleton (D)
  A rat (D)
11 creatures vanquished.

Vanquished Creatures (others)
  An orc (D)
1 creature vanquished.

Grand Total: 12 creatures vanquished

Notes
Turn   | Place    | Note
-------+----------+-------------------------------------------
     0 | D        | Groucho the Sand Dwarf Skald began the quest for the Orb.
     0 | D        | Reached XP level 1. HP: 18/18 MP: 3/3
    23 | D        | Reached XP level 2. HP: 15/26 MP: 5/5
   481 | D        | Learned a level 2 spell: Song of Slaying
   721 | D        | Found a roughly hewn altar of Beogh.
   721 | D        | Found a snail-covered altar of Cheibriados.
   721 | D        | Found a shadowy altar of Dithmenos.
   721 | D        | Found a white marble altar of Elyvilon.
   721 | D        | Found a blossoming altar of Fedhas.
   721 | D        | Found an opulent altar of Gozag.
   722 | D        | Found a hazy altar of Hepliaklqana.
   723 | D        | Found a viscous altar of Jiyva.
   724 | D        | Found an ancient bone altar of Kikubaaqudgha.
   725 | D        | Became a worshipper of Cheibriados the Contemplative
   726 | D        | Found a corrupted altar of Lugonu.
   727 | D        | Found a burning altar of Makhleb.
   728 | D        | Found a sparkling altar of Nemelex Xobeh.
   729 | D        | Found an iron altar of Okawaru.
   730 | D        | Found a stormy altar of Qazlal.
   731 | D        | Found a sacrificial altar of Ru.
   732 | D        | Found a shimmering blue altar of Sif Muna.
   733 | D        | Found a bloodstained altar of Trog.
   734 | D        | Found a hide-covered altar of Uskayaw.
   735 | D        | Found a radiant altar of Vehumet.
   736 | D        | Found an ornate altar of the Wu Jian Council.
   737 | D        | Found a shimmering altar of Xom.
   738 | D        | Found a basalt altar of Yredelemnul.
   739 | D        | Found a glowing silver altar of Zin.
   740 | D        | Found a glowing golden altar of the Shining One.
   799 | D        | Noticed a troll
   799 | D        | Noticed a manticore
   799 | D        | Noticed a centaur
   813 | D        | Killed a centaur
   814 | D        | Reached skill level 5 in Fighting
   814 | D        | Reached skill level 5 in Axes
   814 | D        | Reached skill level 1 in Invocations
   814 | D        | Reached XP level 3. HP: 36/36 MP: 5/7
   814 | D        | Reached XP level 4. HP: 42/42 MP: 5/8
   825 | D        | Slain by a manticore

Skill      XL: |  1  2 |
---------------+-------+-----
Axes           | 3 5 |  5.2
Armour         | 2 3 |  3.8
Fighting       | 3 5 |  5.2
Dodging        | 2 3 |  3.5
Spellcasting   | 3 |  3.1
Charms         | 4 |  4.0
Invocations    | 1 |  1.7

Action                   |  1- 3 |  4- 6 || total
-------------------------+-------+-------++-------
Melee: War axe           |    41 |    11 ||    52
 Cast: Song of Slaying   |     2 |       ||     2
  Use: Potion            |     4 |     1 ||     5
 Stab: Invisible         |     3 |     2 ||     5
  Eat: Ration            |     1 |       ||     1
Armor: Leather armour    |     7 |       ||     7
       Scale mail        |     4 |     2 ||     6
Dodge: Dodged            |    26 |    22 ||    48
Block: Other             |     2 |     1 ||     3
